 Dungeon Sprint DCSS version 0.30.1-4-g462c640d31 (webtiles) character file.

Game seed: 15489273985550421564

25 Heoruswealwe the Sneak (level 2, -3/14 HPs)
             Began as a Spriggan Artificer on Aug 29, 2023.
             Slain by an ogre
             ... wielding a +0 giant club
              (17 damage)
             ... in the Dungeon (Sprint I: "Red Sonja").
             The game lasted 00:01:25 (28 turns).

Heoruswealwe the Sneak (Spriggan Artificer)           Turns: 28, Time: 00:01:26

Health: -3/14      AC:  2    Str:  8    XL:     2   Next: 82%
Magic:  3/3        EV: 19    Int: 12    God:
Gold:   0          SH:  0    Dex: 15    Spells: 1/1 levels left

rFire   . . .        a - +2 dagger (venom)
rCold   . . .        (no shield)
rNeg    . . .        c - +0 robe
rPois   .            (helmet restricted)
rElec   .            (no cloak)
rCorr   .            (gloves unavailable)
SInv    +            (boots unavailable)
Will    .....        (no amulet)
Stlth   +++          (no ring)
HPRegen 0.22/turn    (no ring)
MPRegen 0.08/turn

%: no teleportation
@: very quick
A: very small, no large weapons, unfitting armour, see invisible, speed 3
a: no special abilities


You were in the Dungeon.
You visited 1 branch

Inventory:

Hand Weapons
 a - a +2 dagger of venom (weapon)
Armour
 c - a +0 robe (worn)
Wands
 b - a wand of flame (12) (quivered)
 d - a wand of charming (15)
 e - a wand of iceblast (2)
 l - a wand of paralysis (4)
Scrolls
 k - a scroll of blinking
Potions
 f - a potion of curing
 g - a potion of heal wounds
 h - a potion of haste
 i - 2 potions of magic
 j - a potion of berserk rage


   Skills:
 - Level 0.7 Fighting
 + Level 4.9 Dodging
 * Level 6.4 Stealth
 + Level 5.4 Evocations


You had one spell level left.
You didn't know any spells.
Your spell library was empty.

Dungeon Overview and Level Annotations

Branches:
Dungeon (1/1)

Altars:


Innate Abilities, Weirdness & Mutations

You are very small and have problems with some larger weapons.
You are too small for most types of armour.
You have supernaturally acute eyesight. (SInv)
You cover ground extremely quickly. (Speed+++)


Message History

Press: ? - help, Shift-Dir - straight line, f/p - Ijyb
Aim: Ijyb, wielding a +2 dagger of venom, wearing a +0 ring mail and carrying a wand of paralysis (4) (severely wounded)
The mass of ice explodes!
The iceblast engulfs Ijyb!!
You kill Ijyb!
Your Dodging skill increases to level 4!
Your Stealth skill gained 5 levels and is now at level 6!
Your Evocations skill increases to level 5!
You have reached level 2!
l - a wand of paralysis (4)
There is an open door here.
Things that are here:
a +2 dagger of venom; a +0 ring mail; the goblin corpse of Ijyb
m - a +2 dagger of venom You are now empty-handed.
You drop a +0 club.
Adjust (i)tems, (s)pells, or (a)bilities?
m - a +2 dagger of venom Adjust to which letter? (? for menu, Esc to quit)
a - a +2 dagger of venom Your +2 dagger of venom begins to drip with poison!
a - a +2 dagger of venom (weapon)
Adjust (i)tems, (s)pells, or (a)bilities?
b - a +0 robe (worn)
Adjust to which letter? (? for menu, Esc to quit)
c - a +0 robe (worn);
b - a wand of flame (15) (quivered)
Search for what [? for help]? .
You open the door.
An ogre comes into view. It is wielding a +0 giant club.
There is an open door here.
There is an open door here.
There is an open door here.
Things that are here:
a +0 club; a +0 ring mail; the goblin corpse of Ijyb The puff of flame hits the ogre!
The ogre is moderately wounded.
The puff of flame misses the ogre.
The puff of flame hits the ogre.
The ogre is heavily wounded.
The ogre hits you with a +0 giant club!
Ouch! That really hurt!
You die...

##########
#<.#..'..#
#..)..#..+
#..#####+#
#..# #O@#
#..# #⌠⌠#
####


You could see an ogre.

Vanquished Creatures
  Ijyb (D)
1 creature vanquished.

Notes
Turn   | Place    | Note
-------+----------+-------------------------------------------
     0 | D        | Heoruswealwe the Spriggan Artificer began the quest for the
                  | Orb.
     0 | D        | Reached XP level 1. HP: 9/9 MP: 2/2
     1 | D        | Noticed Ijyb
     5 | D        | Killed Ijyb
     6 | D        | Reached skill level 6 in Stealth
     6 | D        | Reached skill level 5 in Evocations
     6 | D        | Reached XP level 2. HP: 14/14 MP: 3/3
    14 | D        | Noticed an ogre
    28 | D        | Slain by an ogre

Illustrated notes

Levels and vault maps discovered:
D:        dungeon_sprint_1 [red_sonja_temple_1, red_sonja_temple_small_1]

Skill      XL: |  1 |
---------------+----+-----
Dodging        | 4 |  4.9
Stealth        | 6 |  6.4
Evocations     | 5 |  5.4
Fighting       | |  0.7

Action                     || total
---------------------------++-------
  Evoke: Wand              ||     6
